[Event "Early-Titled-Tuesday-Blitz-April-23-2024"]
[Site "Chess.com"]
[Date "2024.04.23"]
[Round "2"]
[White "Shivananda1964"]
[Black "adapodadei"]
[Result "0-1"]
[WhiteElo "2358"]
[BlackElo "2719"]
[TimeControl "180+1"]
[EndTime "8:16:41 PDT"]
[Termination "adapodadei won on time"]

1. e4 c6 2. d4 d5 3. f3 dxe4 4. fxe4 e5 5. Nf3 Bg4 6. Bc4 Nd7 7. O-O Ngf6 8. c3 Bd6 9. Qe1 Bxf3 10. gxf3 Qb6 11. Qf2 Qc7 12. Nd2 c5 13. dxe5 Nxe5 14. f4 Nxc4 15. Nxc4 Nxe4 16. Qg2 f5 17. Ne3 O-O 18.
Nxf5 Rxf5 19. Qxe4 Raf8 20. Be3 Bxf4 21. Bxf4 Rxf4 22. Qe6+ Kh8 0-1

[Event "Early-Titled-Tuesday-Blitz-April-23-2024"]
[Site "Chess.com"]
[Date "2024.04.23"]
[Round "2"]
[White "chess123456s"]
[Black "Roosters19"]
[Result "1/2-1/2"]
[WhiteElo "2621"]
[BlackElo "2334"]
[TimeControl "180+1"]
[EndTime "8:16:42 PDT"]
[Termination "Game drawn - insufficient material"]

1. Nf3 c5 2. g3 Nc6 3. Bg2 g6 4. O-O Bg7 5. c3 Nf6 6. d4 cxd4 7. Nxd4 O-O 8. Nd2 Nxd4 9. cxd4 d6 10. Nb3 Rb8 11.
Bf4 b6 12. Rc1 Bb7 13. Bxb7 Rxb7 14. Qd2 Qd7 15. Bh6 Rc8 16. Bxg7 Kxg7 17. Rc3 Rxc3 18.
Qxc3 Rc7 19. Qd3 Qa4 20. Rc1 Rxc1+ 21. Nxc1 e5 22. dxe5 dxe5 23. a3 Qe4 24. Qxe4 Nxe4 25. f3 Nd6 26. Kf2 Kf6 27. e4 Ke6 28. Ke3 Nc4+ 29. Kd3 Nxb2+ 30. Kc3 Na4+ 31. Kb4 Nc5 32. Kb5 Kd6 33. Ne2 Kc7 34. Nc3 a6+ 35. Kc4 Kc6 36.
a4 Nxa4 37. Nd5 b5+ 38. Kb4 Nb6 39. Nf6 h5 40. g4 hxg4 41. fxg4 Nc4 42. h4 a5+ 43.
Kb3 Kd6 44. h5 gxh5 45. gxh5 Ke6 46. Nd5 Nd2+ 47. Kc2 Nxe4 48. h6 Ng5 49. Nc7+ Kf6 50. Nxb5 Kg6 51. Kd3 Kxh6 52. Nd6 Kg6 53. Nc4 a4 54.
Nxe5+ Kf5 55. Nxf7 Nxf7 56. Kc3 Nd6 57. Kb4 Nb5 58. Kxa4 1/2-1/2

[Event "Early-Titled-Tuesday-Blitz-April-23-2024"]
[Site "Chess.com"]
[Date "2024.04.23"]
[Round "2"]
[White "Javadovvv"]
[Black "A4RookA3"]
[Result "1-0"]
[WhiteElo "2655"]
[BlackElo "2380"]
[TimeControl "180+1"]
[EndTime "8:16:43 PDT"]
[Termination "Javadovvv won on time"]

1. d4 d5 2. Nf3 Bf5 3. Bf4 e6 4.
e3 Bd6 5. Bg3 Nf6 6. Bd3 Bxd3 7.
Qxd3 O-O 8. Nbd2 Nbd7 9. e4 dxe4 10. Nxe4 Nxe4 11. Qxe4 Qc8 12. c3 h6 13. Rd1 Nf6 14. Qe2 Bxg3 15. hxg3 c5 16. O-O cxd4 17. Rxd4 Rd8 18. Rfd1 Qc7 19. Qe5 Rxd4 20. Qxd4 a6 21. Ne5 Rc8 22. g4 Nd5 23. c4 Nb4 24. Qe4 Nc6 25. Nf3 Rd8 26. Re1 Qd6 27. g5 Qd3 28. Qg4 Qg6 29. Qg3 hxg5 30. Nxg5 Nd4 31. b3 Nf5 32. Qf4 Rd4 33. Qb8+ 1-0

[Event "Early-Titled-Tuesday-Blitz-April-23-2024"]
[Site "Chess.com"]
[Date "2024.04.23"]
[Round "2"]
[White "hakanazeri2"]
[Black "jinxy2009"]
[Result "1-0"]
[WhiteElo "2542"]
[BlackElo "2302"]
[TimeControl "180+1"]
[EndTime "8:16:43 PDT"]
[Termination "hakanazeri2 won by checkmate"]

1. c4 e6 2. Nc3 d5 3. d4 Nf6 4. cxd5 exd5 5. Bg5 Be7 6. e3 c6 7. Bd3 h6 8. Bh4 O-O 9. Qc2 Ne8 10. Bg3 Nd6 11.
Nge2 Re8 12. O-O Bf8 13. b4 Nd7 14. b5 Nb6 15. bxc6 bxc6 16. Na4 Ndc4 17. Nxb6 axb6 18.
Bxc4 dxc4 19. Qxc4 Be6 20. Qxc6 Rxa2 21. Nf4 Rb2 22.
Nxe6 Rxe6 23. Qc3 Rb4 24. Rfc1 h5 25. h3 Bd6 26. d5 Rg6 27. Bxd6 Qxd6 28. Qc8+ Kh7 29.
Ra8 Rf6 30. Qh8+ Kg6 31. Rg8 Kf5 32. Qxh5+ Ke4 33. Re8+ Kd3 34. Qd1# 1-0

[Event "Early-Titled-Tuesday-Blitz-April-23-2024"]
[Site "Chess.com"]
[Date "2024.04.23"]
[Round "2"]
[White "Masterbeaterr"]
[Black "PonyQueen07"]
[Result "1-0"]
[WhiteElo "2486"]
[BlackElo "2194"]
[TimeControl "180+1"]
[EndTime "8:16:43 PDT"]
[Termination "Masterbeaterr won by checkmate"]

1. d4 Nf6 2. c4 e6 3. Nc3 Bb4 4. f3 d5 5. a3 Bxc3+ 6. bxc3 dxc4 7. e4 b5 8. Bg5 h6 9. Bh4 g5 10. Bf2 c6 11. h4 gxh4 12. Bxh4 Qa5 13. Bxf6 Qxc3+ 14. Kf2 Qb2+ 15. Ne2 Rh7 16. Qc1 Qb3 17. Rxh6 Rxh6 18. Qxh6 Kd7 19. Qe3 Qb2 20. Qc3 Qxc3 21. Nxc3 a5 22. d5 cxd5 23. exd5 Ba6 24. Rd1 b4 25.
axb4 axb4 26. Ne4 exd5 27. Rxd5+ Ke6 28. Re5+ Kd7 29. Nc5+ Kc6 30. Nxa6 Nxa6 31. Bxc4 Nc5 32. Bd5+ Kb5 33. Bxa8 b3 34. Rxc5+ Kxc5 35. g4 Kd6 36. Be4 Ke6 37. Bb2 f6 38. Ke3 Ke7 39. Kf4 Kf7 40.
Kf5 Kg8 41. Bxf6 Kh7 42. Bb2 Kh6 43. g5+ Kh7 44. Kf6+ Kg8 45. g6 Kf8 46. g7+ Kg8 47. Bd5+ Kh7 48. g8=Q+ Kh6 49. Qg6# 1-0

[Event "Early-Titled-Tuesday-Blitz-April-23-2024"]
[Site "Chess.com"]
[Date "2024.04.23"]
[Round "2"]
[White "ashookk"]
[Black "aloe_normansen"]
[Result "0-1"]
[WhiteElo "2337"]
[BlackElo "2561"]
[TimeControl "180+1"]
[EndTime "8:16:44 PDT"]
[Termination "aloe_normansen won by resignation"]

1. Nf3 Nf6 2. c4 g6 3. Nc3 Bg7 4. e4 d6 5. d4 O-O 6. Be2 e5 7. O-O Nc6 8. d5 Ne7 9. Nd2 a5 10. a3 Nd7 11. Rb1 f5 12. b4 axb4 13. axb4 Kh8 14. Nb3 Nf6 15. f3 f4 16. c5 g5 17. b5 b6 18. cxd6 cxd6 19. Nd2 Ng6 20. Nc4 h5 21. Na4 Rb8 22. Ba3 Ne8 23. Bb4 Rg8 24.
Naxb6 g4 25. Nxc8 Qxc8 26. Na5 g3 27. h3 Nh4 28. Nc6 Rb7 29. Rc1 Qd7 30. Qa4 Nf6 31.
Ra1 Nh7 32. Qd1 Ng5 33. Bd3 Nxg2 0-1

[Event "Early-Titled-Tuesday-Blitz-April-23-2024"]
[Site "Chess.com"]
[Date "2024.04.23"]
[Round "2"]
[White "AlexeiShirov"]
[Black "Kazmin_Semyon"]
[Result "1-0"]
[WhiteElo "2832"]
[BlackElo "2570"]
[TimeControl "180+1"]
[EndTime "8:16:45 PDT"]
[Termination "AlexeiShirov won by resignation"]

1. e4 e6 2. d4 d5 3. e5 c5 4. c3 Nc6 5. Nf3 Bd7 6. Be2 f6 7. O-O fxe5 8. Nxe5 Nxe5 9. dxe5 Qc7 10. c4 d4 11. Re1 Ne7 12. Bd3 O-O-O 13. Nd2 Nc6 14. Ne4 Qxe5 15. Bg5 Be7 16. Bxe7 Nxe7 17. b4 cxb4 18.
a3 b3 19. c5 Kb8 20. Qxb3 Bc6 21. Nd6 Qxc5 22. Nf7 Qd5 23. Qxd5 Bxd5 24. Be4 Rhf8 25. Nxd8 Rxd8 26. Rad1 e5 27. f4 Nc6 28. fxe5 Bxe4 29.
Rxe4 h6 30. e6 Re8 31. Rf1 Kc7 32. Rf7+ Kd6 33. Rxb7 Kd5 34. Re1 g5 35. Rd7+ Kc5 36. Rc1+ Kb6 37. Rd6 1-0

[Event "Early-Titled-Tuesday-Blitz-April-23-2024"]
[Site "Chess.com"]
[Date "2024.04.23"]
[Round "2"]
[White "lcmil"]
[Black "Freeeeeeeeeeeeeeeeee"]
[Result "1-0"]
[WhiteElo "2470"]
[BlackElo "2062"]
[TimeControl "180+1"]
[EndTime "8:16:45 PDT"]
[Termination "lcmil won on time"]

1. e4 e5 2. f4 d5 3. Nf3 Bg4 4. exd5 e4 5. Qe2 Qe7 6. h3 Bh5 7. g4 exf3 8. Qxe7+ Bxe7 9. Nc3 Bh4+ 10. Kd1 Nf6 11. gxh5 Nxh5 12. Bb5+ c6 13. dxc6 bxc6 14. Ba4 Ng3 15. Rh2 O-O 16. d3 Re8 17. Bd2 Nf5 18.
Ne4 Ng3 19. Be1 Nxe4 20. Bxh4 Nc5 21. Bb3 Nxb3 22. axb3 Nd7 23. Rf2 Re3 24. Kd2 Rae8 25. Rxa7 Re2+ 26. Rxe2 Rxe2+ 27. Kc3 Nf8 28. Ra1 f6 29.
Rf1 Ng6 30. Bg3 Re3 31. Kd4 Re2 32. Kc3 1-0

[Event "Early-Titled-Tuesday-Blitz-April-23-2024"]
[Site "Chess.com"]
[Date "2024.04.23"]
[Round "2"]
[White "Mihaiionescu1"]
[Black "briesmas"]
[Result "0-1"]
[WhiteElo "2460"]
[BlackElo "2216"]
[TimeControl "180+1"]
[EndTime "8:16:46 PDT"]
[Termination "briesmas won by resignation"]

1. Nf3 c5 2. c4 Nc6 3. b3 e5 4. Nc3 g6 5. Bb2 Bg7 6. e3 Nge7 7. Be2 O-O 8. O-O d6 9. Nb5 a6 10. Na3 e4 11. Bxg7 exf3 12. Bxf8 fxe2 13. Qxe2 Qxf8 14. Nc2 Bf5 15. Rac1 Re8 16. e4 Be6 17.
Qe3 Qg7 18. Rfd1 Nd4 19. Nxd4 cxd4 20. Qe2 Nc6 21. d3 Qh6 22. c5 dxc5 23. Rxc5 Qf4 24.
Rcc1 Ne5 25. Rc2 Bg4 26. g3 Bxe2 27. gxf4 Bxd1 28. fxe5 Bxc2 0-1

[Event "Early-Titled-Tuesday-Blitz-April-23-2024"]
[Site "Chess.com"]
[Date "2024.04.23"]
[Round "2"]
[White "JoliyRoger"]
[Black "ValentinDragnev"]
[Result "0-1"]
[WhiteElo "2411"]
[BlackElo "2742"]
[TimeControl "180+1"]
[EndTime "8:16:48 PDT"]
[Termination "ValentinDragnev won by resignation"]

1. d4 Nf6 2. c4 c5 3. d5 b5 4.
cxb5 a6 5. e3 g6 6. Nc3 Bg7 7. Rb1 O-O 8. Bc4 axb5 9. Bxb5 Bb7 10. Nge2 e6 11. dxe6 fxe6 12. O-O Qe7 13. b3 d5 14. Bb2 Nc6 15. a4 Rad8 16. Ba3 e5 17. Qc1 d4 18. Bxc6 Bxc6 19. Nb5 Ne4 20. exd4 exd4 21.
Ng3 Nxg3 22. hxg3 Rf5 23. Qd2 Rh5 24. Rfe1 Qd7 25. Qd3 Rh1+ 0-1

[Event "Early-Titled-Tuesday-Blitz-April-23-2024"]
[Site "Chess.com"]
[Date "2024.04.23"]
[Round "2"]
[White "tetrix83"]
[Black "Sam_ChessMood"]
[Result "0-1"]
[WhiteElo "2634"]
[BlackElo "2958"]
[TimeControl "180+1"]
[EndTime "8:16:50 PDT"]
[Termination "Sam_ChessMood won by resignation"]

1. e4 c5 2. Nf3 Nc6 3. Bb5 e6 4. O-O Nge7 5. Re1 a6 6. Bxc6 Nxc6 7. d4 cxd4 8. Nxd4 Qc7 9. Nc3 Bd6 10. h3 O-O 11. Nxc6 dxc6 12. a4 e5 13. Be3 a5 14. Qe2 Be6 15. Red1 Rfd8 16. f3 Bb4 17. Qf2 Qe7 18. Bb6 Rxd1+ 19. Nxd1 h6 20. Ne3 Bc5 21. Bxc5 Qxc5 22. Rd1 Qb6 23. b3 Rd8 24.
Rxd8+ Qxd8 25. Qe1 b5 26. Qc3 Qd4 27. Qxd4 exd4 28.
Nd1 d3 29. cxd3 Bxb3 30. axb5 cxb5 31. Nc3 b4 32. Nb5 a4 0-1

[Event "Early-Titled-Tuesday-Blitz-April-23-2024"]
[Site "Chess.com"]
[Date "2024.04.23"]
[Round "2"]
[White "IM_ArthurDW08"]
[Black "Kushch_Nikolai"]
[Result "0-1"]
[WhiteElo "2721"]
[BlackElo "2423"]
[TimeControl "180+1"]
[EndTime "8:16:50 PDT"]
[Termination "Kushch_Nikolai won by resignation"]

1. e4 c5 2. Nf3 e6 3. b3 a6 4. Bb2 Nc6 5. c4 Nf6 6. e5 Ng4 7. h3 Nh6 8. g4 Be7 9. Nc3 b6 10.
Bg2 Bb7 11. O-O Qc7 12. Ne4 O-O 13. Re1 Rad8 14. Qe2 d5 15. exd6 Bxd6 16. Nxd6 Qxd6 17. Rad1 Nd4 18. Nxd4 Bxg2 19. Nxe6 Bxh3 20. Nxd8 Nxg4 21. Be5 Nxe5 22. Qxe5 Qg6+ 23. Qg3 Rxd8 24. d4 Bg4 25. Rd2 h5 26. f3 Bxf3 27. Qxg6 fxg6 28. d5 g5 29. d6 g4 30. d7 Kf7 31. Re5 h4 32.
Kf2 Bc6 33. Rf5+ Ke6 34. Rf4 g3+ 35. Kg1 g5 36. Rg4 Kf5 0-1

[Event "Early-Titled-Tuesday-Blitz-April-23-2024"]
[Site "Chess.com"]
[Date "2024.04.23"]
[Round "2"]
[White "Alexchess1984"]
[Black "inagreV"]
[Result "1-0"]
[WhiteElo "2633"]
[BlackElo "2368"]
[TimeControl "180+1"]
[EndTime "8:16:51 PDT"]
[Termination "Alexchess1984 won on time"]

1. d4 Nf6 2. Bf4 b6 3. e3 Bb7 4.
Nf3 g6 5. Be2 Bg7 6. h3 O-O 7.
c4 d6 8. Bh2 Nbd7 9. Nc3 Ne4 10. Nxe4 Bxe4 11. O-O c5 12. Rc1 cxd4 13. exd4 Rc8 14.
Re1 Bb7 15. b3 Re8 16. d5 a5 17. Bf1 Nc5 18. Nd4 Qd7 19. Qd2 e5 20. dxe6 fxe6 21.
Nb5 Ne4 22. Qe3 d5 23. Rcd1 Qe7 24. Qxb6 Rf8 25. f3 Ng5 26. cxd5 Rxf3 27. h4 Nh3+ 28.
gxh3 Qxh4 29. Qxe6+ Kh8 30. Qg4 Qf2+ 31. Kh1 Rcf8 32.
Bg2 Bxd5 33. Bg1 Qb2 34. Rxd5 1-0

[Event "Early-Titled-Tuesday-Blitz-April-23-2024"]
[Site "Chess.com"]
[Date "2024.04.23"]
[Round "2"]
[White "EdmundPlayer"]
[Black "szachuspl"]
[Result "0-1"]
[WhiteElo "2265"]
[BlackElo "2528"]
[TimeControl "180+1"]
[EndTime "8:16:51 PDT"]
[Termination "szachuspl won by checkmate"]

1. e4 e5 2. Nf3 Nc6 3. Bb5 a6 4.
Ba4 Nge7 5. O-O Ng6 6. c3 b5 7.
Bc2 Be7 8. d4 d6 9. Re1 O-O 10.
Nbd2 Bb7 11. Nf1 Bf6 12. a4 b4 13. Ne3 bxc3 14. bxc3 exd4 15. cxd4 Re8 16. Nd5 Rb8 17.
Nxf6+ gxf6 18. Qd2 Qe7 19. Rb1 a5 20. Qh6 Nb4 21. Bb3 Bxe4 22. Ra1 d5 23. Be3 Nd3 24. Reb1 Qf8 25. Bc2 Qxh6 26. Bxh6 Nb4 27. Bxe4 dxe4 28. Nd2 f5 29. g3 Red8 30. Be3 Ne7 31. Nc4 Ned5 32. Nxa5 Nc3 33. Rb3 Ne2+ 34. Kf1 Nxd4 35. Bxd4 Rxd4 36. Rab1 c5 37. Nc6 Nxc6 38. Rxb8+ Nxb8 39. Rxb8+ Kg7 40. a5 Ra4 41. Rb5 c4 42. Rxf5 Kg6 43.
Rc5 f5 44. Ke2 Ra3 45. Rxc4 Rxa5 46. Rc6+ Kg5 47. h4+ Kg4 48. Rh6 Ra2+ 49. Kf1 Kf3 50. Rxh7 Ra1# 0-1

[Event "Early-Titled-Tuesday-Blitz-April-23-2024"]
[Site "Chess.com"]
[Date "2024.04.23"]
[Round "2"]
[White "UnTucopalaTimba"]
[Black "ImportedItalianMaple"]
[Result "0-1"]
[WhiteElo "2029"]
[BlackElo "2459"]
[TimeControl "180+1"]
[EndTime "8:16:52 PDT"]
[Termination "ImportedItalianMaple won by checkmate"]

1. e4 g6 2. d4 Bg7 3. Nf3 d6 4.
Be2 b6 5. Nc3 Bb7 6. Be3 e6 7.
Qd3 h6 8. O-O-O a6 9. h4 b5 10. a3 Nd7 11. g4 Rc8 12. d5 e5 13. Rhg1 Ne7 14. Nh2 c5 15. dxc6 Rxc6 16. f4 exf4 17.
Bxf4 Ne5 18. Bxe5 Bxe5 19. Nf3 Bxc3 20. bxc3 Qc7 21. Kb2 O-O 22. Nd4 Rc4 23. Qd2 Rc5 24. Bd3 Rc8 25. h5 g5 26. Rgf1 Rxc3 27. Qf2 Nc6 28.
Kxc3 Nxd4+ 29. Kb2 Qc3+ 30. Kb1 Rc7 31. Rde1 b4 32. a4 b3 33. Rc1 b2 34. Rce1 Qa3 35. c3 Qa1# 0-1

[Event "Early-Titled-Tuesday-Blitz-April-23-2024"]
[Site "Chess.com"]
[Date "2024.04.23"]
[Round "2"]
[White "GambitGiesbergen"]
[Black "sofaceindisguise"]
[Result "0-1"]
[WhiteElo "2305"]
[BlackElo "2688"]
[TimeControl "180+1"]
[EndTime "8:16:53 PDT"]
[Termination "sofaceindisguise won by checkmate"]

1. e4 c5 2. b4 cxb4 3. d4 d5 4. Nd2 Nf6 5. Bd3 dxe4 6. Nxe4 Nc6 7. Nf3 Bg4 8. O-O Nd5 9. Rb1 e6 10. c4 Nf6 11. d5 exd5 12. Nxf6+ Qxf6 13. cxd5 Nd4 14. Qe1+ Be7 15. Nxd4 Qxd4 16. Bb5+ Kf8 17. Bb2 Qc5 18.
Ba4 Rd8 19. Bb3 Bf6 20. Rc1 Qd6 21. Bxf6 gxf6 22. Rc4 Bf5 23. Qd2 Kg7 24. Rh4 h5 25. Re1 a5 26. Re3 Bg6 27. h3 b5 28. Rg3 a4 29.
Bc2 Qxd5 30. Qc1 Rc8 31. Kh2 Qd6 32. f4 f5 33. Qa1+ Qf6 34. Qb1 Qxh4 35. Bxf5 Qxf4 36. Bxg6 h4 37. Qb2+ Kh6 38. Kh1 Rc1+ 39. Qxc1 Qxc1+ 40. Kh2 hxg3+ 41. Kxg3 Kxg6 42. a3 b3 43. h4 b2 44. h5+ Kh6 45. Kh3 b1=Q 46. g4 Qe3+ 47. Kh4 Qh1# 0-1

[Event "Early-Titled-Tuesday-Blitz-April-23-2024"]
[Site "Chess.com"]
[Date "2024.04.23"]
[Round "2"]
[White "Storne89"]
[Black "Veleamater"]
[Result "1-0"]
[WhiteElo "2742"]
[BlackElo "2443"]
[TimeControl "180+1"]
[EndTime "8:16:56 PDT"]
[Termination "Storne89 won by resignation"]

1. d4 d6 2. Nf3 g6 3. g3 Bg7 4.
Bg2 Nf6 5. O-O O-O 6. Nc3 Nc6 7.
e4 e5 8. dxe5 dxe5 9. h3 h6 10.
Be3 Be6 11. Re1 a6 12. Nd2 b5 13. Nb3 Nd7 14. Nd5 a5 15. a4 b4 16. Kh2 Kh7 17.
Qe2 Nd4 18. Nxd4 exd4 19. Bf4 c5 20. Nc7 Rc8 21. Nb5 Rg8 22. Rad1 Nb6 23. b3 Qe7 24.
Bd6 Qd7 25. h4 Rge8 26. e5 Bg4 27. Bf3 Be6 28. Be4 Bd5 29. h5 Bxe4 30. Qxe4 Qf5 31.
hxg6+ Qxg6 32. Qb7 Na8 33. Rd3 Qe6 34. Rf3 Kg6 35. Re4 h5 36. Ref4 f5 37. Rxf5 Bh8 38. Rf6+ 1-0

[Event "Early-Titled-Tuesday-Blitz-April-23-2024"]
[Site "Chess.com"]
[Date "2024.04.23"]
[Round "2"]
[White "SharapovEvgeny"]
[Black "Firouzja2003"]
[Result "0-1"]
[WhiteElo "2652"]
[BlackElo "3058"]
[TimeControl "180+1"]
[EndTime "8:16:57 PDT"]
[Termination "Firouzja2003 won by checkmate"]

1. e4 c5 2. Nf3 d6 3. d4 cxd4 4. Nxd4 Nf6 5. f3 e5 6. Nb3 a5 7.
Bb5+ Nc6 8. Nc3 Be7 9. Be3 O-O 10. O-O Be6 11. Qd2 Na7 12. Be2 Nc8 13. Nd5 Bxd5 14.
exd5 a4 15. Nc1 Nb6 16. c4 Nfd7 17. Rb1 f5 18. b4 axb3 19. axb3 h6 20. Nd3 Bf6 21.
Rfc1 Re8 22. f4 Qe7 23. fxe5 Bxe5 24. Nxe5 Qxe5 25. Bxb6 Qxe2 26. Ba5 Qg4 27. Re1 Ne5 28. Kh1 f4 29. Bc3 Ng6 30. Rxe8+ Rxe8 31. Re1 Rxe1+ 32. Qxe1 f3 33. gxf3 Qxf3+ 34. Kg1 Nf4 35. Qd2 Nh3# 0-1

[Event "Early-Titled-Tuesday-Blitz-April-23-2024"]
[Site "Chess.com"]
[Date "2024.04.23"]
[Round "2"]
[White "zverr1"]
[Black "GMG"]
[Result "0-1"]
[WhiteElo "2490"]
[BlackElo "2776"]
[TimeControl "180+1"]
[EndTime "8:16:57 PDT"]
[Termination "GMG won by checkmate"]

1. e4 c5 2. Nf3 Nc6 3. d4 cxd4 4. Nxd4 Nf6 5. Nc3 e5 6. Ndb5 d6 7. Be3 a6 8. Na3 Rb8 9. Nd5 Nxd5 10. exd5 Ne7 11. c4 Nf5 12. Bd2 e4 13. Bc3 Be7 14. Be2 Bf6 15. Qc2 Bxc3+ 16. Qxc3 Qg5 17.
g3 O-O 18. h4 Qe7 19. O-O-O Bd7 20. Kb1 b5 21. Nc2 bxc4 22. Nd4 Rfc8 23. g4 Nxh4 24.
Qh3 g5 25. Qc3 Qe5 26. Ka1 Rc5 27. Qe3 c3 28. b3 c2 29. Rc1 Rb4 30. Bc4 Nf3 31.
Rxc2 Nxd4 32. Rc3 Rcxc4 33. bxc4 Nc2# 0-1

[Event "Early-Titled-Tuesday-Blitz-April-23-2024"]
[Site "Chess.com"]
[Date "2024.04.23"]
[Round "2"]
[White "rhwr"]
[Black "secretworker2027"]
[Result "0-1"]
[WhiteElo "2321"]
[BlackElo "2704"]
[TimeControl "180+1"]
[EndTime "8:16:57 PDT"]
[Termination "secretworker2027 won by resignation"]

1. e4 c5 2. Be2 g6 3. f4 Bg7 4.
Nf3 d6 5. O-O Nf6 6. d3 O-O 7.
Qe1 Nc6 8. c3 c4 9. Nbd2 cxd3 10. Bxd3 b5 11. Kh1 b4 12. c4 a5 13. Rb1 a4 14. b3 a3 15. h3 Nd7 16. Qh4 Nc5 17. Bc2 e5 18. Qg3 exf4 19. Qxf4 Ne5 20. Nxe5 Bxe5 21. Qf2 f5 22. exf5 Bxf5 23. Bxf5 Rxf5 24.
Nf3 Ne4 25. Qe1 Ng3+ 26. Kg1 Nxf1 27. Qxf1 Qf6 28. Be3 Rf8 29. Qd3 Rxf3 30. Qd5+ Kg7 31. gxf3 Qxf3 32. Qxf3 Rxf3 33. Bb6 Rxh3 34. Re1 Rd3 35.
Ba5 Bd4+ 36. Kf1 Bc5 37. Re7+ Kf6 38. Rxh7 Rd2 39. Rd7 Ke6 40. Rg7 Rf2+ 41. Ke1 Rxa2 42. Rxg6+ Kf5 43. Rh6 Rb2 0-1

[Event "Early-Titled-Tuesday-Blitz-April-23-2024"]
[Site "Chess.com"]
[Date "2024.04.23"]
[Round "2"]
[White "KanalSzachowy"]
[Black "Brave_spirit12"]
[Result "1-0"]
[WhiteElo "2417"]
[BlackElo "2708"]
[TimeControl "180+1"]
[EndTime "8:16:57 PDT"]
[Termination "KanalSzachowy won on time"]

1. e4 e6 2. d4 d5 3. Nc3 Nf6 4. e5 Nfd7 5. f4 c5 6. Nf3 Nc6 7. Be3 a6 8. a3 b5 9. dxc5 Bxc5 10. Bxc5 Nxc5 11. b4 Nd7 12. Bd3 Qb6 13. Qe2 Bb7 14. Nd1 Rc8 15. Nf2 Nd4 16. Qd1 Nxf3+ 17. Qxf3 f6 18.
O-O O-O 19. exf6 Nxf6 20. Rae1 Ne4 21. Kh1 Rc3 22. Qe2 Nxf2+ 23. Rxf2 Rxa3 24. Rf3 g6 25. Re3 Qd6 26. Rxe6 Qxf4 27. Re7 Bc8 28. Re8 Rxe8 29. Qxe8+ Qf8 30. Qc6 Bf5 31. Qxd5+ Kg7 32. Qd4+ Kh6 33. Qh4+ Kg7 34. Re7+ Qxe7 35. Qxe7+ Kh6 36. Qh4+ Kg7 37. Qd4+ Kh6 38. g4 1-0

[Event "Early-Titled-Tuesday-Blitz-April-23-2024"]
[Site "Chess.com"]
[Date "2024.04.23"]
[Round "2"]
[White "Jojo_898"]
[Black "jumpingknight20"]
[Result "0-1"]
[WhiteElo "2432"]
[BlackElo "2737"]
[TimeControl "180+1"]
[EndTime "8:16:58 PDT"]
[Termination "jumpingknight20 won by resignation"]

1. e4 g6 2. Nf3 Bg7 3. d4 d6 4. Nc3 Nf6 5. Be2 O-O 6. O-O Bg4 7.
Bg5 Nbd7 8. e5 dxe5 9. Nxe5 Bxe2 10. Qxe2 Nb6 11. Rad1 h6 12. Bh4 Nfd5 13. Nxd5 Qxd5 14.
c4 Qe6 15. Rfe1 Bxe5 16. dxe5 Rad8 17. b3 Kh7 18. h3 Nd7 19. f4 Nb8 20. Qe4 Nc6 21.
g4 f5 22. gxf5 gxf5 23. Qe3 Qg6+ 24. Kh2 Qh5 25. Bf2 Rxd1 0-1

[Event "Early-Titled-Tuesday-Blitz-April-23-2024"]
[Site "Chess.com"]
[Date "2024.04.23"]
[Round "2"]
[White "Happy1712Drummer"]
[Black "LaPiToB"]
[Result "1-0"]
[WhiteElo "2527"]
[BlackElo "2266"]
[TimeControl "180+1"]
[EndTime "8:16:59 PDT"]
[Termination "Happy1712Drummer won by resignation"]

1. e4 c6 2. d4 d5 3. Nc3 dxe4 4. Nxe4 Nf6 5. Nxf6+ exf6 6. Be2 Bd6 7. Bf3 O-O 8.
Ne2 Re8 9. O-O Nd7 10. c4 Nf8 11. Be3 Be6 12. c5 Bc7 13. Nc3 Qd7 14. d5 cxd5 15.
Nxd5 Be5 16. Qc2 Rac8 17. Rad1 Qb5 18. b4 Bxd5 19. Bxd5 Re7 20. Rb1 Qe8 21. Qb3 Ng6 22.
g3 h5 23. b5 h4 24. c6 bxc6 25. bxc6 hxg3 26. hxg3 Bd6 27. Rfe1 Ne5 28. Rec1 Ng4 29. Bd4 Re2 30. Bf3 1-0

[Event "Early-Titled-Tuesday-Blitz-April-23-2024"]
[Site "Chess.com"]
[Date "2024.04.23"]
[Round "2"]
[White "Ramla2020"]
[Black "carloseduar100"]
[Result "1-0"]
[WhiteElo "2516"]
[BlackElo "2244"]
[TimeControl "180+1"]
[EndTime "8:16:59 PDT"]
[Termination "Ramla2020 won on time"]

1. c4 e6 2. d4 d5 3. Nf3 Nf6 4. Bg5 a6 5. cxd5 exd5 6. Nc3 c6 7. e3 Bg4 8. h3 Bh5 9. g4 Bg6 10.
Ne5 Nbd7 11. f4 Be4 12. Nxe4 dxe4 13. Qb3 Nxe5 14. fxe5 Qa5+ 15. Kf2 Nd7 16. Bg2 f6 17. Qe6+ Be7 18. exf6 gxf6 19. Bf4 h5 20. Bxe4 Qd2+ 21. Kf3 hxg4+ 22. hxg4 Rxh1 23. Rxh1 Nf8 24. Bxc6+ bxc6 25. Qxc6+ Kf7 26. Qxa8 Qxb2 27. Qd5+ Ke8 28. Qb3 Qd2 29.
Rb1 Qa5 30. Qc4 f5 31. Rb8+ Bd8 32. Bc7 fxg4+ 33. Ke4 1-0

[Event "Early-Titled-Tuesday-Blitz-April-23-2024"]
[Site "Chess.com"]
[Date "2024.04.23"]
[Round "2"]
[White "KuzubovYuriy"]
[Black "arenal72"]
[Result "1-0"]
[WhiteElo "2929"]
[BlackElo "2621"]
[TimeControl "180+1"]
[EndTime "8:17:00 PDT"]
[Termination "KuzubovYuriy won by resignation"]

1. d4 d6 2. Nf3 Nf6 3. c3 g6 4.
Nbd2 Bf5 5. h3 Bg7 6. g4 Bc8 7. Bg2 O-O 8. O-O c5 9. Re1 Nc6 10. e4 cxd4 11. cxd4 Nd7 12. Nb3 a5 13. a4 e5 14. Be3 Qe7 15. Qd2 b6 16. Red1 Rd8 17. Rac1 Bb7 18. d5 Nb4 19. Rc7 Ba6 20. Bxb6 Rdc8 21. Rxc8+ Rxc8 22. Bxa5 Nd3 23. Bf1 N7c5 24. Nxc5 Nxc5 25. Bxa6 Nxa6 26. b4 Qd7 27. Rc1 Rxc1+ 28.
Qxc1 h5 29. Qc6 Qa7 30. Qb6 Qa8 31. Qd8+ Qxd8 32. Bxd8 Nxb4 33. Nd2 hxg4 34. hxg4 Bh6 35. Nc4 Bf4 36. Nxd6 f5 37. gxf5 gxf5 38. Nxf5 1-0

[Event "Early-Titled-Tuesday-Blitz-April-23-2024"]
[Site "Chess.com"]
[Date "2024.04.23"]
[Round "2"]
[White "Chesstiger64"]
[Black "Fh2411"]
[Result "0-1"]
[WhiteElo "2344"]
[BlackElo "2563"]
[TimeControl "180+1"]
[EndTime "8:17:00 PDT"]
[Termination "Fh2411 won by resignation"]

1. Nf3 d5 2. g3 c6 3. Bg2 Bf5 4. O-O e6 5. d3 Nf6 6. b3 h6 7. Bb2 Be7 8. c4 O-O 9. Nbd2 a5 10. Rc1 Na6 11. Re1 Bh7 12. Qc2 a4 13. Ne5 Nb4 14.
Qb1 axb3 15. axb3 Qa5 16. Bc3 Qa2 17. Qxa2 Nxa2 18. Rc2 Nxc3 19. Rxc3 Ra2 20. Ndf3 Bb4 21.
Rcc1 Bxe1 22. Rxe1 Rfa8 23. b4 Ra1 24. Kf1 R8a4 25. b5 cxb5 26. cxb5 Rxe1+ 27. Kxe1 Rb4 28.
Kd2 Rxb5 29. Nd4 Ra5 30. Kc3 Ne8 31. f4 Nd6 32. g4 Ra1 33. Nef3 Kf8 34. h4 Ke7 35. h5 f6 36. g5 Bf5 37. Nh4 fxg5 38. fxg5 hxg5 39. Nhxf5+ Nxf5 40. Nxf5+ exf5 41. Bxd5 b6 42.
Kd4 Kf6 43. e4 fxe4 44. dxe4 Re1 45. Kd3 g4 46. Kd2 Ra1 47. Ke3 Ke5 48. Kf2 Kf4 0-1

[Event "Early-Titled-Tuesday-Blitz-April-23-2024"]
[Site "Chess.com"]
[Date "2024.04.23"]
[Round "2"]
[White "MrVenky"]
[Black "Karina_Ivanova"]
[Result "0-1"]
[WhiteElo "2517"]
[BlackElo "2297"]
[TimeControl "180+1"]
[EndTime "8:17:00 PDT"]
[Termination "Karina_Ivanova won by resignation"]

1. e4 c6 2. d4 d5 3. exd5 cxd5 4. Bd3 Nc6 5. c3 Qc7 6. Ne2 Nf6 7. Bf4 Qb6 8. Qc2 Bg4 9. f3 Bh5 10. Nd2 e6 11.
O-O Be7 12. Kh1 O-O 13. Rae1 Rac8 14. Qb1 Bg6 15. Bxg6 hxg6 16. Bg5 Rfd8 17. Nf4 Qc7 18. Nd3 Bd6 19. f4 b5 20. Ne5 b4 21. Rf3 bxc3 22. bxc3 Ne7 23. Qd3 Qa5 24. Rh3 Qxa2 25. Bxf6 gxf6 26.
Ng4 Kg7 27. Qg3 Rh8 28. Rxh8 Rxh8 29. Qf2 Qc2 30. c4 dxc4 31. Nxf6 Nd5 32. Nxd5 exd5 33. f5 Qxf5 34. Qxf5 gxf5 0-1